 Dungeon Crawl Stone Soup version 0.27-a0-1200-g94dc6ad4cf (webtiles) character file.

Game seed: 12218015078279992615

25 kae the Skirmisher (level 3, -8/33 HPs)
             Began as a Hill Orc Fighter on June 1, 2021.
             Killed by divine providence
             ... invoked by an orc priest
              (13 damage)
             ... on level 2 of the Dungeon.
             The game lasted 00:00:25 (669 turns).

kae the Skirmisher (Hill Orc Fighter)                Turns: 669, Time: 00:00:25

Health: -8/33      AC: 11    Str: 19    XL:     3   Next: 4%
Magic:  3/3        EV:  3    Int:  8    God:
Gold:   42         SH:  9    Dex: 10    Spells: 2/2 levels left

rFire    . . .     SeeInvis .   a - +0 war axe
rCold    . . .     Faith    .   c - +0 kite shield
rNeg     . . .     Spirit   .   f - +0 plate armour
rPois    .         Reflect  .   (no helmet)
rElec    .         Harm     .   (no cloak)
rCorr    .         Rampage  .   (no gloves)
Will     .....                  (no boots)
Stlth    ..........             (no amulet)
HPRegen  0.11/turn              e - +4 ring of slaying
MPRegen  0.08/turn              (no ring)

@: no status effects
A: no striking features
a: Convert to Beogh


You were on level 2 of the Dungeon.
You visited 1 branch of the dungeon, and saw 2 of its levels.

You collected 42 gold pieces.

Inventory:

Hand Weapons
 a - a +0 war axe (weapon)
Armour
 b - a +0 scale mail
 c - a +0 kite shield (worn)
 f - a +0 plate armour (worn)
Jewellery
 e - a +4 ring of slaying (left hand)
Scrolls
 h - a scroll of noise {unknown}
 i - a scroll of fog {unknown}
Potions
 d - a potion of might
 g - a potion of brilliance {unknown}


   Skills:
 + Level 4.1 Fighting
 * Level 4.1 Axes
 - Level 3.2 Armour
 - Level 3.2 Shields


You had 2 spell levels left.
You didn't know any spells.
Your spell library was empty.

Dungeon Overview and Level Annotations

Branches:
Dungeon (2/15)

Altars:


Message History

Found a stone staircase leading down.
You now have 42 gold pieces (gained 10).
An endoplasm, 2 orcs and an orc priest come into view.
The orc shouts!
The orc priest threatens, "By the altar or by the axe, you will meet Beogh!" (press Y on the ability menu to convert to Beogh)
The orc priest shouts!
The orc shouts!
The endoplasm quivers.
You hear a shout! x3
An orc comes into view. It is wielding a +0 whip.
An orc comes into view. It is wielding a +0 dagger.
You hit the orc priest but do no damage.
You block the orc priest's attack.
The orc priest hits you but does no damage.
You closely miss the orc priest. You hit the endoplasm.
You block the endoplasm's attack.
The orc priest looks satisfied for a moment.
The endoplasm freezes you.
You are frozen.
Your plate armour prevents you from hitting the endoplasm.
The endoplasm is moderately wounded.
You closely miss the orc priest.
The orc priest invokes the aid of Beogh against you.
Pain shoots through your body! The endoplasm hits you.
The orc priest mumbles some strange prayers to Beogh against you.
Beogh smites you!
* * * LOW HITPOINT WARNING * * *
The endoplasm hits you but does no damage.
You are too injured to fight recklessly!
You are too injured to fight recklessly!
You are too injured to fight recklessly!
You are too injured to fight recklessly!
You are too injured to fight recklessly!
You hit the orc priest.
The orc priest threatens, "By the altar or by the axe, you will meet Beogh!"
The orc priest is moderately wounded.
You completely miss the endoplasm.
The orc priest invokes the aid of Beogh against you.
Beogh smites you!
You die...

########...# .....
............ ....
#........... #...
............ ...
#.####...... oo #.#
##..... #o
###>######....
####o####.............
#....@....#.#####.#.#.
##...J......# #.#.#.
###.####.### #.#... #.
#.# #.###. .. ..#
#.##.. .## ##.# #.##..
#. #.# #.##.P # #.#
#.#≈P≈ #..≈≈♣


You could see an orc priest, 3 orcs and an endoplasm.

Vanquished Creatures
  An adder (D:2)
  3 endoplasms
  3 goblins
  A hobgoblin (D:1)
  3 quokkas
  A bat (D:1)
  A rat (D:1)
13 creatures vanquished.

Vanquished Creatures (others)
  13 plants (D:2)
13 creatures vanquished.

Grand Total: 26 creatures vanquished

Notes
Turn   | Place    | Note
-------+----------+-------------------------------------------
     0 | D:1      | kae the Hill Orc Fighter began the quest for the Orb.
     0 | D:1      | Reached XP level 1. HP: 19/19 MP: 1/1
    77 | D:1      | Reached XP level 2. HP: 27/27 MP: 2/2
   580 | D:2      | Reached XP level 3. HP: 33/33 MP: 3/3
   669 | D:2      | Killed from afar by an orc priest

Illustrated notes

Levels and vault maps discovered:
D:1:      minmay_arrival_three_doors, layout_rooms
D:2:      layout_loops_ring, serial_shops, shop, serial_bayou_pond_c,
          kennysheep_flooded_box, serial_park_tiny_1

Skill      XL: |  1  2 |
---------------+-------+-----
Axes           | 3 4 |  4.1
Fighting       | 4 |  4.1
Armour         | |  3.2
Shields        | |  3.2

Action                   || total
-------------------------++-------
Melee: War axe           ||    30
Armor: Scale mail        ||     2
       Plate armour      ||     8
Dodge: Dodged            ||     4
Block: Kite shield       ||    15

Table legend: (Time is in decaauts)
 A = Elapsed time spent in this place.
 B = Non-inter-level travel time spent in this place.
 C = Inter-level travel time spent in this place.
 D = Time resting spent in this place.
 E = Time spent auto-exploring this place.
 F = Levels seen in this place.
 G = Mean time per level.
                   A        B        C        D        E       F      G
               +--------+--------+--------+--------+--------+-----+--------+
         Total |    688 |    633 |     55 |      0 |    527 |   2 |  344.0 |
       Dungeon |    688 |    633 |     55 |      0 |    527 |   2 |  344.0 |
               +--------+--------+--------+--------+--------+-----+--------+

Top non-repeatable levels by time:
     D:1: 398 daAuts
     D:2: 290 daAuts
